 Dungeon Crawl Stone Soup version 0.30-a0-743-gbfdf073431 (webtiles) character file.

Game seed: 8163680475897253063

1985 avis the Skirmisher (level 8, -6/70 HPs)
             Began as a Demigod Hunter on Feb 6, 2023.
             Asphyxiated
             ... on level 6 of the Dungeon.
             The game lasted 00:29:37 (6046 turns).

avis the Skirmisher (Demigod Hunter)                Turns: 6046, Time: 00:29:37

Health: -6/70      AC: 10    Str: 12    XL:     8   Next: 69%
Magic:  10/10      EV: 13    Int: 11    God:
Gold:   433        SH:  0    Dex: 25    Spells: 7/7 levels left

rFire   + . .      SeeInvis .    b - +0 shortbow
rCold   . . .      Faith    .    (shield currently unavailable)
rNeg    . . .      Spirit   .    q - +2 robe {rF+}
rPois   .          Reflect  .    c - +0 helmet
rElec   .          Harm     .    (no cloak)
rCorr   .          Rampage  .    (no gloves)
Will    .....                    C - +0 pair of boots
Stlth   ++                       (no amulet)
HPRegen 0.31/turn                n - +4 ring of protection
MPRegen 0.12/turn                t - ring of flight

@: lethally poisoned (-6 -> -26), flying
A: high MP 1, forlorn, divine attributes
a: no special abilities


You were on level 6 of the Dungeon.
You visited 1 branch of the dungeon, and saw 6 of its levels.

You collected 433 gold pieces.

Inventory:

Hand Weapons
 a - a +0 short sword
 b - a +0 shortbow (weapon)
Missiles
 u - 17 poisoned darts
 w - 2 throwing nets
Armour
 c - a +0 helmet (worn)
 q - a +2 robe of fire resistance (worn)
 C - a +0 pair of boots (worn)
Magical Staves
 l - a staff of death
Jewellery
 n - a +4 ring of protection (left hand)
 t - a ring of flight (right hand)
Wands
 p - a wand of flame (17)
Scrolls
 d - 2 scrolls of blinking {unknown}
 f - 2 scrolls of enchant weapon {unknown}
 g - a scroll of teleportation {unknown}
 h - 2 scrolls of immolation
 j - a scroll of fog {unknown}
 k - 4 scrolls of identify {unknown}
 m - a scroll of magic mapping {unknown}
 o - 2 scrolls of noise {unknown}
 s - 2 scrolls of amnesia {unknown}
 v - a scroll of silence {unknown}
 x - a scroll of poison {unknown}
 y - 4 scrolls of enchant armour {unknown}
Potions
 e - a potion of cancellation {unknown}
 i - a potion of brilliance
 r - a potion of ambrosia {unknown}
 z - a potion of mutation {unknown}
 A - a potion of haste {unknown}
 B - a potion of degeneration {unknown}


   Skills:
 * Level 5.8 Fighting
 - Level 10.0 Ranged Weapons
 - Level 1.7 Dodging
 - Level 0.8 Stealth


You had 7 spell levels left.
You didn't know any spells.
Your spell library contained the following spells:

 Spells                   Type           Power      Damage    Failure   Level
 Apportation              Tloc           0%         N/A       34%         1
 Dazzling Flash           Conj/Hex       0%         N/A       71%         3
 Iskenderun's Mystic Bla  Conj/Tloc      0%         2d3       98%         4
 Alistair's Intoxication  Tmut/Pois      0%         N/A       100%        5
 Starburst                Conj/Fire      0%         6d3       100%        6


Dungeon Overview and Level Annotations

Branches:
Dungeon (6/15)
 Temple: D:4-7

Shops:
D:5 :

Annotations:
D:3 2 transporters, boo's ghost, weakling SpEn


Innate Abilities, Weirdness & Mutations

You have an increased reservoir of magic. (+10% MP)
You shall have no god before yourself.
Your divine heritage dramatically boosts your attributes as you level up.


Message History

* * * LOW HITPOINT WARNING * * *
The black bear barely misses you. The black bear closely misses you.
The black bear misses you. x2; The black bear closely misses you.
Fire: b) +0 shortbow
Press: ? - help, Q - select action, (/) - cycle Shift-Dir - straight line, f/p - black bear
Aim: a black bear (almost dead, berserk, 76% to hit)
You shoot an arrow. The arrow hits the black bear!
You kill the black bear!
You feel sick.
You start resting.
You feel sick. x3
A kobold brigand comes into view.
It is wielding a +0 dagger and quivering curare-tipped darts.
Fire: b) +0 shortbow
Press: ? - help, Q - select action, (/) - cycle Shift-Dir - straight line, f - kobold brigand
Aim: a kobold brigand, wielding a +0 dagger and quivering curare-tipped darts (wandering, hasn't noticed you, 65% to hit)
You shoot an arrow. The kobold brigand shouts!
The arrow hits the kobold brigand!
The kobold brigand is moderately wounded.
You feel sick.
Fire: b) +0 shortbow
Press: ? - help, Q - select action, (/) - cycle Shift-Dir - straight line, f/p - kobold brigand
Aim: a kobold brigand, wielding a +0 dagger and quivering curare-tipped darts (moderately wounded, 65% to hit)
You shoot an arrow.
The arrow hits the kobold brigand but does no damage.
The kobold brigand is moderately wounded.
You feel sick.
You are no longer poisoned.
A kobold comes into view.
It is wielding a +0 dagger and quivering poisoned darts.
Fire: b) +0 shortbow
Press: ? - help, Q - select action, (/) - cycle Shift-Dir - straight line, f/p - kobold brigand
Aim: a kobold brigand, wielding a +0 dagger and quivering curare-tipped darts (moderately wounded, 65% to hit)
You shoot an arrow. The kobold shouts!
The arrow hits the kobold brigand!
The kobold brigand is severely wounded.
The kobold brigand throws a curare-tipped dart.
The curare-tipped dart hits you.
You are lethally poisoned!
You have difficulty breathing.
You die...

#.....
#.....#+#####
#..K........#
#....K....§.#
.......<....#
........#####
......[.#
......#†#
......#@#
......#.#
..... #+#
....$ ...>


You could see a kobold brigand and a kobold.

Vanquished Creatures
  A steam dragon (D:6)
  Menkaure (D:4)
  A water moccasin (D:6)
  2 black bears
  3 ogres
  3 ice beasts (D:5)
  A phantom (D:5)
  4 kobold brigands
  2 necrophages
  A jelly (D:5)
  A gnoll bouda (D:4)
  Jessica (D:2)
  Natasha (D:4)
  Robin (D:2)
  5 adders
  19 gnolls
  2 ufetubi
  2 worms (D:2)
  2 dart slugs
  3 orcs
  10 bats
  7 endoplasms
  5 giant cockroaches
  10 goblins
  20 hobgoblins
  8 jackals
  42 kobolds
  2 quokkas (D:5)
  3 ball pythons
  3 frilled lizards
  8 rats
174 creatures vanquished.

Notes
Turn   | Place    | Note
-------+----------+-------------------------------------------
     0 | D:1      | avis the Demigod Hunter began the quest for the Orb.
     0 | D:1      | Reached XP level 1. HP: 17/17 MP: 3/3
   230 | D:1      | Reached skill level 4 in Ranged Weapons
   235 | D:1      | Reached XP level 2. HP: 24/24 MP: 4/4
   704 | D:1      | Reached XP level 3. HP: 30/30 MP: 5/5
   970 | D:2      | Noticed Jessica
   982 | D:2      | Killed Jessica
  1325 | D:2      | Reached XP level 4. HP: 38/38 MP: 6/6
  1492 | D:2      | Noticed Robin
  1501 | D:2      | Killed Robin
  1502 | D:2      | Reached skill level 5 in Ranged Weapons
  2220 | D:3      | Noticed a kobold brigand
  2220 | D:3      | Noticed a kobold brigand
  2267 | D:2      | Killed a kobold brigand
  2268 | D:2      | Reached XP level 5. HP: 19/45 MP: 7/7
  2388 | D:2      | Reached skill level 6 in Ranged Weapons
  2524 | D:3      | Reached XP level 6. HP: 45/52 MP: 8/8
  2964 | D:3      | Found a transporter.
  2969 | D:3      | Noticed boo's ghost (weakling SpEn)
  2970 | D:3      | Found a transporter.
  3118 | D:3      | Reached skill level 7 in Ranged Weapons
  3422 | D:3      | Reached XP level 7. HP: 59/59 MP: 9/9
  4432 | D:4      | Reached skill level 8 in Ranged Weapons
  4576 | D:4      | Noticed Natasha
  4592 | D:4      | Killed Natasha
  4837 | D:4      | Noticed Menkaure
  4841 | D:4      | Killed Menkaure
  4842 | D:4      | Reached skill level 5 in Fighting
  5185 | D:5      | Entered Level 5 of the Dungeon
  5245 | D:5      | Reached XP level 8. HP: 68/68 MP: 10/10
  5273 | D:5      | Found Zozots's Self-Improvement Boutique.
  5310 | D:5      | Reached skill level 9 in Ranged Weapons
  6030 | D:6      | Reached skill level 10 in Ranged Weapons
  6046 | D:6      | Asphyxiated

Illustrated notes

Levels and vault maps discovered:
D:1:      kennysheep_arrival_seaside, layout_loops_ring,
          minmay_misc_feat_square, minmay_split_cup_small
D:2:      wad_pebble_path, layout_basic, st_stairs_6, minmay_misc_feat_rows,
          uniq_jessica, uniq_robin
D:3:      minmay_goblin_kobold_castle, layout_rooms,
          gammafunk_temple_overflow_pools, mainiacjoe_overflow_surrounded_room,
          gammafunk_ghost_arena
D:4:      layout_basic, lemuel_doored_altar, amcnicky_altar_gilded,
          okawaru_metal_pillars_1_2, uniq_natasha, uniq_menkaure
D:5:      layout_rooms, serial_rivers, chequers_serial_rivers_room_b,
          chequers_serial_rivers_marsh, chequers_serial_rivers_large_a,
          chequers_serial_rivers_micro_c, nicolae_shop_self_help
D:6:      layout_basic, minmay_temple_entry_sparse_star

Skill      XL: |  1  2  3  4  5  6  7  8 |
---------------+-------------------------+-----
Fighting       | 2 3 4 5 |  5.8
Ranged Weapons | 4 5 6 7 8 10 | 10.0
Dodging        | |  1.7
Stealth        | |  0.8

Action                     |  1- 3 |  4- 6 |  7- 9 || total
---------------------------+-------+-------+-------++-------
   Fire: Shortbow          |   101 |   201 |   223 ||   525
 Armour: Leather armour    |     9 |       |       ||     9
         Robe              |       |    59 |    55 ||   114
  Dodge: Dodged            |    18 |   118 |   103 ||   239

Table legend: (Time is in decaauts)
 A = Elapsed time spent in this place.
 B = Non-inter-level travel time spent in this place.
 C = Inter-level travel time spent in this place.
 D = Time resting spent in this place.
 E = Time spent auto-exploring this place.
 F = Levels seen in this place.
 G = Mean time per level.
                   A        B        C        D        E       F      G
               +--------+--------+--------+--------+--------+-----+--------+
         Total |   6144 |   5591 |    553 |   1342 |   2482 |   6 | 1024.0 |
       Dungeon |   6144 |   5591 |    553 |   1342 |   2482 |   6 | 1024.0 |
               +--------+--------+--------+--------+--------+-----+--------+

Top non-repeatable levels by time:
     D:2: 1610 daAuts
     D:3: 1527 daAuts
     D:4: 1291 daAuts
     D:1: 904 daAuts
     D:5: 772 daAuts
     D:6: 38 daAuts
